 Dungeon Crawl Stone Soup version 0.21.0-3-g78d12a8bdd (webtiles) character file.

1299 SpaceShip the Jinx (level 8, -14/58 HPs)
             Began as a Formicid Enchanter on Jan 9, 2018.
             Was a Follower of Sif Muna.
             Demolished by an ogre
             ... wielding a +0 giant spiked club
              (21 damage)
             ... on level 6 of the Dungeon.
             The game lasted 00:34:17 (7741 turns).

SpaceShip the Jinx (Formicid Enchanter)             Turns: 7741, Time: 00:34:17

Health: -14/58     AC:  6    Str: 11    XL:     8   Next: 87%
Magic:  9/23       EV: 11    Int: 15    God:    Sif Muna [*.....]
Gold:   158        SH:  0    Dex: 11    Spells: 11/15 levels left

rFire    . . .     SeeInvis +   b - +0 quarterstaff
rCold    . . .     Gourm    .   (no shield)
rNeg     + + +     Faith    .   j - +0 ring mail
rPois    .         Spirit   .   (helmet unavailable)
rElec    .         Reflect  .   y - +0 cloak of Discretion {rN+++ rCorr Str-4} (curse)
rCorr    +         Harm     .   (no gloves)
MR       .....                  (no boots)
Stlth    ++........             (no amulet)
HPRegen  0.19/turn              m - ring of teleportation (curse)
MPRegen  0.18/turn              r - ring of magical power

@: drained
A: permanent stasis, dig shafts and tunnels, four strong arms, antennae 3
a: Dig, Shaft Self, Divine Energy, Renounce Religion


You were on level 6 of the Dungeon.
You worshipped Sif Muna.
Sif Muna was aware of your devotion.
You were not hungry.

You visited 2 branches of the dungeon, and saw 7 of its levels.

You collected 395 gold pieces.
You spent 237 gold pieces at shops.

Inventory:

Hand Weapons
 a - a +1 dagger
 b - a +0 quarterstaff (weapon)
Armour
 j - a +0 ring mail (worn)
 x - a +0 cloak
 y - the cursed +0 cloak of Discretion (worn) {rN+++ rCorr Str-4}
   (You bought it in a shop on level 5 of the Dungeon)

   It affects your strength (-4).
   It renders you almost immune to negative energy.
   It protects you from acid and corrosion.
   It has a curse placed upon it.
Magical Staves
 h - an uncursed staff of summoning
Jewellery
 m - a cursed ring of teleportation (left hand)
 n - an uncursed ring of fire
 r - a ring of magical power (right hand)
 C - an uncursed amulet of harm
Wands
 p - a wand of clouds (4)
 A - a wand of flame (11)
Scrolls
 e - 2 scrolls of teleportation {unknown}
 f - 2 scrolls of remove curse
 g - 4 scrolls of amnesia
 i - a scroll of fear {unknown}
 o - 3 scrolls of fog
 s - a scroll of noise {unknown}
 v - 2 scrolls of immolation {unknown}
 z - 5 scrolls of identify
Potions
 k - 2 potions of curing
 l - 3 potions of haste {unknown}
 q - 3 potions of heal wounds {unknown}
 t - a potion of lignification {unknown}
 u - a potion of agility
 w - a potion of brilliance {unknown}
 B - a potion of might {unknown}
 D - a potion of berserk rage {unknown}
Books
 c - a book of Maledictions

   Spells                             Type                      Level
   a - Corona                         Hexes                        1
   b - Ensorcelled Hibernation        Hexes/Ice                    2
   c - Confuse                        Hexes                        3
   d - Tukima's Dance                 Hexes                        3
   e - Dazzling Spray                 Conjuration/Hexes            3
Comestibles
 d - 5 rations


   Skills:
 - Level 3.0(2.4) Fighting
 - Level 1.0(0.4) Short Blades
 - Level 3.0(2.4) Dodging
 - Level 4.0(3.3) Stealth
 * Level 4.2(3.5) Spellcasting
 * Level 9.6(8.8) Hexes
 - Level 4.0(3.3) Evocations


You had 11 spell levels left.
You knew the following spells:

 Your Spells              Type           Power        Failure   Level  Hunger
a - Corona                Hex            ####...      1%          1    None
b - Confuse               Hex            ####....     3%          3    ###....


Dungeon Overview and Level Annotations

Branches:
Dungeon (6/15)             Temple (1/1) D:4

Altars:
Cheibriados
Elyvilon
Gozag
Hepliaklqana
Kikubaaqudgha
Makhleb
Ru
Sif Muna
Trog
Vehumet
Wu Jian
Yredelemnul
Zin
The Shining One

Shops:
D:5 [

Annotations:
D:1 exclusion: stone giant
D:2 exclusions: angel and profane servitor
D:3 Terence; puimuR's ghost, weakling HOMo
D:4 exclusion: 2 ogres, NihilVerum's ghost, amateur MfTm
D:6 Edmund


Innate Abilities, Weirdness & Mutations

You cannot be hasted, slowed, berserked, paralysed or teleported.
You can dig through walls and to a lower floor.
Your four strong arms can wield two-handed weapons with a shield.
You have a pair of large antennae on your head. (SInv)


Message History

Confirm with . or Enter, or press ? or * to list all spells.
Aiming: Confuse
Press: ? - help, Shift-Dir - straight line, f/p - ogre
Aim: an ogre, wielding a giant spiked club (chance to defeat MR: 58%)
The ogre resists with significant effort.
Casting: Confuse
Confirm with . or Enter, or press ? or * to list all spells.
Aiming: Confuse
Press: ? - help, Shift-Dir - straight line, f/p - ogre
Aim: an ogre, wielding a giant spiked club (chance to defeat MR: 58%)
The ogre resists with significant effort.
The ogre hits you with a giant spiked club!!
Casting: Confuse
Confirm with . or Enter, or press ? or * to list all spells.
Aiming: Confuse
Press: ? - help, Shift-Dir - straight line, f/p - ogre
Aim: an ogre, wielding a giant spiked club (chance to defeat MR: 58%)
The ogre resists with significant effort.
The ogre hits you with a giant spiked club!!
You die...

###..O.......##.....
#..)#.#.###.......#
###.#.....##....##..
#...###.#............
#.#.....#....#......)
#.##########...######
#.).......##.#.#
#########.#....#
#...@O..#..###
#.#######..# #.###
#...... #...######
#...# #........#
#...# #........#
#...#
#........###...#####
###.######.........#
#.....##.........#


You could see an ogre.

Vanquished Creatures
  Sigmund (D:6)
  A wyvern (D:6)
  2 sky beasts (D:6)
  A black bear (D:6)
  2 ogres
  A bullfrog (D:2)
  A scorpion (D:6)
  A water moccasin skeleton (D:6)
  A crimson imp (D:5)
  A hound (D:5)
  2 jellies (D:6)
  An iguana (D:5)
  3 worker ants
  2 hound skeletons
  8 adders
  2 oozes
  5 dart slugs
  2 leopard geckos
  8 orcs
  3 ball pythons
  4 giant cockroaches
  5 goblins
  13 hobgoblins
  4 jackals (D:5)
  3 quokkas
  A ball python skeleton (D:3)
  10 bats
  5 frilled lizards
  A jackal skeleton (D:4)
  8 kobolds
  12 rats
114 creatures vanquished.

Vanquished Creatures (collateral kills)
  A kobold (D:2)
1 creature vanquished.

Grand Total: 115 creatures vanquished

Notes
Turn   | Place    | Note
-------+----------+-------------------------------------------
     0 | D:1      | SpaceShip the Formicid Enchanter began the quest for the Orb.
     0 | D:1      | Reached XP level 1. HP: 13/13 MP: 3/3
     6 | D:1      | Noticed a worker ant
     6 | D:1      | Noticed a basilisk
     7 | D:1      | Noticed a stone giant
    86 | D:1      | Reached skill level 1 in Fighting
   173 | D:1      | Reached XP level 2. HP: 21/21 MP: 5/5
   599 | D:1      | Reached XP level 3. HP: 25/28 MP: 3/6
   604 | D:1      | Learned a level 3 spell: Confuse
  1205 | D:2      | Noticed a bullfrog
  1507 | D:1      | Reached XP level 4. HP: 27/35 MP: 0/7
  1668 | D:2      | Killed a bullfrog
  1668 | D:2      | Reached XP level 5. HP: 36/41 MP: 8/8
  1843 | D:2      | Found a glowing golden altar of the Shining One.
  1845 | D:2      | Noticed an angel
  1876 | D:2      | Found a basalt altar of Yredelemnul.
  1880 | D:2      | Noticed a profane servitor
  2461 | D:2      | Reached XP level 6. HP: 3/47 MP: 5/9
  3141 | D:3      | Noticed puimuR's ghost (weakling HOMo)
  3733 | D:3      | Noticed Terence
  3812 | D:3      | Found a glowing silver altar of Zin.
  4036 | D:4      | Noticed an ogre
  4116 | D:4      | Found an opulent altar of Gozag.
  4308 | D:5      | Entered Level 5 of the Dungeon
  4517 | D:4      | Noticed an ogre
  4776 | D:4      | Noticed NihilVerum's ghost (amateur MfTm)
  4816 | D:4      | Found a staircase to the Ecumenical Temple.
  4825 | Temple   | Entered the Ecumenical Temple
  4899 | Temple   | Became a worshipper of Sif Muna the Loreminder
  4947 | Temple   | Reached skill level 4 in Hexes
  5694 | D:5      | Reached skill level 5 in Hexes
  5752 | D:5      | Noticed an ogre
  5808 | D:5      | Killed an ogre
  5808 | D:5      | Reached XP level 7. HP: 40/52 MP: 10/10
  5880 | D:5      | Reached skill level 6 in Hexes
  5935 | D:5      | Found a white marble altar of Elyvilon.
  6290 | D:5      | Found Jaogunolel's Antique Armour Emporium.
  6298 | D:5      | Bought a steaming cloak for 237 gold pieces
  6308 | D:5      | Identified the cursed +0 cloak of Discretion {rN+++ rCorr Str-4} (You bought it in a shop on level 5 of the Dungeon)
  6469 | D:6      | Reached skill level 7 in Hexes
  6482 | D:6      | Noticed Edmund
  6687 | D:6      | Reached XP level 8. HP: 58/58 MP: 11/11
  6757 | D:6      | Reached * piety under Sif Muna
  6757 | D:6      | Reached skill level 8 in Hexes
  7081 | D:6      | Noticed a wyvern
  7105 | D:6      | Killed a wyvern
  7146 | D:6      | Reached skill level 9 in Hexes
  7351 | D:6      | Noticed Sigmund
  7400 | D:6      | Killed Sigmund
  7741 | D:6      | Demolished by an ogre

Skill      XL: |  1  2  3  4  5  6  7  8 |
---------------+-------------------------+-----
Fighting       | 1 2 3 |  3.0
Dodging        | 2 3 |  3.0
Evocations     | 2 3 4 |  4.0
Stealth        | 4 |  4.0
Hexes          | 5 7 9 |  9.6
Spellcasting   | 4 |  4.2
Short Blades   | |  1.0

Action                   |  1- 3 |  4- 6 |  7- 9 || total
-------------------------+-------+-------+-------++-------
Melee: Dagger            |   116 |   272 |     3 ||   391
       Quarterstaff      |       |    18 |   156 ||   174
 Cast: Corona            |    26 |    60 |    13 ||    99
       Confuse           |     4 |    38 |    44 ||    86
 Abil: Dig               |     1 |    11 |     1 ||    13
Evoke: Wand              |       |     2 |     1 ||     3
  Use: Scroll            |       |     4 |       ||     4
       Potion            |       |     1 |       ||     1
 Stab: Sleeping          |     7 |     3 |     1 ||    11
       Confused          |     2 |     7 |    19 ||    28
  Eat: Chunk             |     3 |    14 |     4 ||    21
       Ration            |       |     2 |     3 ||     5
Armor: Ring mail         |    23 |       |    27 ||    50
       Robe              |     9 |    58 |     8 ||    75
Dodge: Dodged            |    64 |   230 |    75 ||   369
